 Dungeon Crawl Stone Soup version 0.25-a0-729-g14964f1db5 (webtiles) character file.

Game seed: 4214866788201420504, levelgen mode: deterministic

312094 DerDa the Devastator (level 20, -4/149 HPs)
             Began as a Demonspawn Fire Elementalist on Apr 6, 2020.
             Was a High Priest of Sif Muna.
             Slain by an ogre mage
             ... wielding a +2 spear of venom
              (10 damage)
             ... while paralysed by an ogre mage
             ... on level 4 of the Vaults on Apr 7, 2020.
             The game lasted 04:26:17 (47426 turns).

DerDa the Devastator (DsFE)                        Turns: 47426, Time: 04:26:18

Health: -4/149     AC: 13    Str: 13    XL:     20   Next: 43%
Magic:  18/47      EV:  2    Int: 31    God:    Sif Muna [*****.]
Gold:   2831       SH:  0    Dex: 16    Spells: 12/48 levels left

rFire    + + +     SeeInvis +   J - +8 spear of Iconoclasm {freeze, +Fly rN+ MR-}
rCold    + . .     Gourm    .   y - +3 buckler {reflect}
rNeg     + . .     Faith    +   t - +3 robe of Clouds {+Thunder rCloud rElec}
rPois    +         Spirit   .   (helmet unavailable)
rElec    +         Reflect  +   D - scarf {rC+ rF+}
rCorr    .         Harm     .   k - +0 pair of gloves of Teeqatoj {rF++}
MR       .....                  M - +2 pair of boots
Stlth    ++........             w - amulet of faith
HPRegen  0.34/turn              L - ring of magical power
MPRegen  0.30/turn              W - ring of Jimeh {rPois rC- Str+4 Int+8 Slay-3}

@: paralysed, lethally poisoned (-4 -> -5)
A: antennae 3, slimy green scales 3, cold resistance 1, powered by death 3,
spiny 2
}: 2/15 runes: decaying, gossamer
a: Channel Magic, Forget Spell, Divine Exegesis, Renounce Religion, Evoke
Thunderclouds, Evoke Flight


You were on level 4 of the Vaults.
You worshipped Sif Muna.
Sif Muna was extremely pleased with you.
You were not hungry.

You visited 7 branches of the dungeon, and saw 36 of its levels.
You also visited: Bailey and Gauntlet.

You collected 6868 gold pieces.
You spent 4037 gold pieces at shops.

Inventory:

Hand Weapons
 q - the +0 short sword "Goblinslayer" {elec, rC+ MR+ Str+6 Dex-4}
   (You found it on level 1 of the Vaults)

   Occasionally, upon striking a foe, it will discharge some electrical energy
   and cause terrible harm.
   It affects your strength (+6).
   It affects your dexterity (-4).
   It protects you from cold.
   It affects your resistance to hostile enchantments.
 J - the +8 spear of Iconoclasm (weapon) {freeze, +Fly rN+ MR-}
   (You took it off a minotaur in a Gauntlet)

   It has been specially enchanted to freeze those struck by it, causing extra
   injury to most foes and up to half again as much damage against particularly
   susceptible opponents.
   It can also slow down cold-blooded creatures.
   It protects you from negative energy.
   It affects your resistance to hostile enchantments.
   It lets you fly.
 V - the +6 Majin-Bo {vamp, Archmagi MP+6 Int+6}
   (You bought it in a shop on level 1 of the Vaults)

   It inflicts no extra harm, but heals its wielder when it wounds a living foe.
   It affects your intelligence (+6).
   It affects your magic capacity (+6).
Armour
 k - the +0 pair of gloves of Teeqatoj (worn) {rF++}
   (You found it in a Gauntlet)

   It greatly protects you from fire.
 s - a +1 robe of the Archmagi
 t - the +3 robe of Clouds (worn) {+Thunder rCloud rElec}
   (You found it on level 4 of the Lair of Beasts)

   It insulates you from electricity.
 y - a +3 buckler of reflection (worn)
 D - a scarf of resistance (worn)
 M - a +2 pair of boots (worn)
Magical Staves
 o - an uncursed staff of wizardry
 K - an uncursed staff of energy
Jewellery
 l - an uncursed ring of resist corrosion
 w - an amulet of faith (around neck)
 L - a ring of magical power (left hand)
 W - the ring of Jimeh (right hand) {rPois rC- Str+4 Int+8 Slay-3}
   (You found it on level 2 of the Swamp)

   [ring of strength]

   It affects your strength (+4).
   It affects your intelligence (+8).
   It affects your accuracy and damage with ranged weapons and melee attacks
   (-3).
   It makes you vulnerable to cold.
   It protects you from poison.
Wands
 a - a wand of paralysis (8)
 r - a wand of disintegration (31)
 v - a wand of polymorph (31)
 A - a wand of acid (43)
 C - a wand of scattershot (6)
 O - a wand of clouds (2)
 R - a wand of iceblast (9)
 T - a wand of enslavement (2)
Scrolls
 e - 5 scrolls of fog
 g - 13 scrolls of remove curse
 h - 6 scrolls of magic mapping
 u - a scroll of immolation
 x - 20 scrolls of teleportation
 B - a scroll of blinking
 F - 4 scrolls of fear
 I - 5 scrolls of identify
 Q - 3 scrolls of summoning
Potions
 b - 4 potions of resistance
 f - 10 potions of mutation
 i - 15 potions of curing
 j - 7 potions of heal wounds
 n - 9 potions of cancellation
 p - 5 potions of might
 z - 4 potions of brilliance
 G - 7 potions of magic
 P - 11 potions of haste
 U - a potion of stabbing
 Z - 4 potions of ambrosia
Miscellaneous
 m - a phial of floods
 E - a lightning rod (4/4)
 H - 2 boxes of beasts
 S - 3 phantom mirrors
Comestibles
 c - 39 rations
 d - 16 chunks of flesh


   Skills:
 + Level 10.8 Fighting
 + Level 14.0 Dodging
 - Level 1.7 Stealth
 - Level 4.0 Shields
 * Level 14.8 Spellcasting
 * Level 15.9 Conjurations
 - Level 5.0 Charms
 - Level 6.0 Summonings
 - Level 5.0 Transmutations
 * Level 15.1 Fire Magic
 + Level 7.8 Earth Magic
 + Level 13.5 Invocations
 + Level 10.6 Evocations


You had 12 spell levels left.
You knew the following spells:

 Your Spells              Type           Power        Failure   Level  Hunger
a - Foxfire               Conj/Fire      ####         0%          1    None
b - Sticky Flame          Conj/Fire      #######.     1%          4    None
c - Fireball              Conj/Fire      #######...   1%          5    None
d - Starburst             Conj/Fire      #######...   1%          6    ###....
e - Bolt of Magma         Conj/Fire/Erth #######...   1%          5    None
f - Irradiate             Conj/Tmut      ######....   1%          5    None
g - Iskenderun's Battles  Conj/Chrm      ######..     1%          5    None
h - Aura of Abjuration    Summ           ######....   4%          5    None

Your spell library contained the following spells:

 Spells                   Type           Power        Failure   Level  Hunger
 Magic Dart               Conj           ####         0%          1    None
 Searing Ray              Conj           ######       0%          2    None
 Conjure Flame            Conj/Fire      #######.     0%          3    None
 Animate Skeleton         Necr           N/A          1%          1    None
 Apportation              Tloc           ###...       1%          1    None
 Beastly Appendage        Tmut           ######       1%          1    None
 Corona                   Hex            ###....      1%          1    None
 Freeze                   Ice            ###.         1%          1    None
 Infusion                 Chrm           ####         1%          1    None
 Sandblast                Erth           ######       1%          1    None
 Shock                    Conj/Air       ####         1%          1    None
 Summon Butterflies       Summ           ######..     1%          1    None
 Summon Small Mammal      Summ           ####         1%          1    None
 Call Imp                 Summ           ######..     1%          2    None
 Passwall                 Tmut/Erth      ######..     1%          2    None
 Shroud of Golubria       Chrm/Tloc      #####.       1%          2    None
 Song of Slaying          Chrm           ######..     1%          2    None
 Sticks to Snakes         Tmut           ######..     1%          2    None
 Swiftness                Chrm/Air       #####...     1%          2    None
 Call Canine Familiar     Summ           ######..     1%          3    None
 Dazzling Flash           Conj/Hex       ######       1%          3    None
 Ignite Poison            Fire/Tmut/Pois ######..     1%          3    None
 Inner Flame              Hex/Fire       ######..     1%          3    None
 Mephitic Cloud           Conj/Pois/Air  ######..     1%          3    None
 Recall                   Summ/Tloc      N/A          1%          3    None
 Static Discharge         Conj/Air       ######..     1%          3    None
 Stone Arrow              Conj/Erth      ######       1%          3    None
 Summon Guardian Golem    Hex/Summ       #####...     1%          3    None
 Fulminant Prism          Conj/Hex       ######....   1%          4    None
 Hailstorm                Conj/Ice       ######..     1%          4    None
 Iskenderun's Mystic Bla  Conj/Tloc      ######..     1%          4    None
 Petrify                  Tmut/Erth      ######..     1%          4    None
 Lightning Bolt           Conj/Air       ######....   1%          5    None
 Ozocubu's Armour         Chrm/Ice       #####...     2%          3    None
 Spectral Weapon          Hex/Chrm       #####...     2%          3    None
 Spider Form              Tmut/Pois      #####.....   2%          3    None
 Lee's Rapid Deconstruct  Erth           ######....   2%          5    None
 Iron Shot                Conj/Erth      #######...   2%          6    ###....
 Orb of Destruction       Conj           #######...   2%          7    #####..
 Ensorcelled Hibernation  Hex/Ice        ###...       3%          2    None
 Poisonous Vapours        Pois/Air       ###...       3%          2    None
 Slow                     Hex            ###.....     3%          2    None
 Sublimation of Blood     Necr           ###.......   3%          2    None
 Leda's Liquefaction      Hex/Erth       #####.....   4%          4    None
 Summon Demon             Summ           ######....   4%          5    None
 Confusing Touch          Hex            ###.....     6%          3    None
 Frozen Ramparts          Ice            ###...       6%          3    None
 Gell's Gravitas          Tloc           ###.......   6%          3    None
 Portal Projectile        Hex/Tloc       ###...       6%          3    None
 Tukima's Dance           Hex            ###.....     6%          3    None
 Summon Ice Beast         Ice/Summ       #####...     6%          4    None
 Ice Form                 Ice/Tmut       #####...     7%          4    None
 Borgnjor's Vile Clutch   Necr/Erth      #####.....   11%         5    None
 Conjure Ball Lightning   Conj/Air       ######....   12%         6    ###....
 Summon Forest            Summ/Tloc      #####.....   16%         5    None
 Summon Mana Viper        Hex/Summ       #####...     16%         5    None
 Spellforged Servitor     Conj/Summ      ######....   19%         7    #####..
 Airstrike                Air            ###.......   21%         4    None
 Cause Fear               Hex            ###.......   21%         4    None
 Alistair's Intoxication  Tmut/Pois      #####...     21%         5    None
 Statue Form              Tmut/Erth      ######...    22%         6    ###....
 Shadow Creatures         Summ           N/A          26%         6    ###....
 Ring of Flames           Chrm/Fire      ######....   26%         7    #####..
 Ignition                 Fire           #######...   26%         8    ######.
 Freezing Cloud           Conj/Ice/Air   ######....   34%         6    ###....
 Hydra Form               Tmut           ######....   36%         6    ###....
 Metabolic Englaciation   Hex/Ice        ###.......   50%         5    None
 Silence                  Hex/Air        ###.......   50%         5    None
 Lehudib's Crystal Spear  Conj/Erth      #######...   69%         8    ######.
 Deflect Missiles         Chrm/Air       #####.....   73%         6    ###....
 Eringya's Noxious Bog    Tmut/Pois      #####.....   73%         6    ###....
 Monstrous Menagerie      Summ           ######....   82%         7    #####..
 Summon Hydra             Summ           ######....   82%         7    #####..
 Darkness                 Hex            ###.......   97%         6    ###....
 Dispersal                Tloc           ###.......   97%         6    ###....
 Ozocubu's Refrigeration  Ice            ###.......   97%         6    ###....
 Simulacrum               Ice/Necr       ###.......   97%         6    ###....
 Fire Storm               Conj/Fire      #######...   98%         9    #######
 Chain Lightning          Conj/Air       ######....   99%         8    ######.
 Controlled Blink         Tloc           N/A          100%        8    ######.
 Disjunction              Tloc           ###.......   100%        8    ######.
 Absolute Zero            Ice            ###.......   100%        9    #######
 Dragon's Call            Summ           ######....   100%        9    #######
 Shatter                  Erth           ######....   100%        9    #######


Dungeon Overview and Level Annotations

Branches:
Dungeon (15/15)            Temple (1/1) D:7            Lair (6/6) D:9
  Swamp (4/4) Lair:3       Spider (4/4) Lair:3        Slime (0/5) Lair:6
    Orc (2/2) D:12            Elf (0/3) Orc:2        Vaults (3/5) D:14
  Crypt (0/3) Vaults:3     Depths (0/5) D:15         Bailey (visited)
Gauntlet (visited)

Altars:
Ashenzari
Cheibriados
Dithmenos
Elyvilon
Fedhas
Gozag
Hepliaklqana
Kikubaaqudgha
Nemelex Xobeh
Okawaru
Qazlal
Ru
Sif Muna
Trog
Uskayaw
Vehumet
Wu Jian
Xom
Yredelemnul
Zin
The Shining One
Beogh

Shops:
D:9 [   D:10 *   D:14 !   Orc:1 !   Orc:2 [}:?   Vaults:1 (*:!   Vaults:2 =:

Annotations:
D:14 exclusions: ice statue and orange crystal statue
D:15 Roxanne


Innate Abilities, Weirdness & Mutations

You have a pair of large antennae on your head. (SInv)
You are completely covered in slimy green scales. (AC +4, rPois)
Your flesh is cold resistant. (rC+)
You regenerate a lot of health from kills.
You are mostly covered in sharp spines.


Message History

The two-headed ogre barely misses you. The two-headed ogre closely misses you.
You block the two-headed ogre's attack.
The ogre mage gestures at you while chanting.
You suddenly lose the ability to move!
The two-headed ogre is struck by your spines.
The two-headed ogre hits you with a +0 giant spiked club!
The two-headed ogre hits you with a +0 giant club!
The ogre mage casts a spell.
The ogre mage seems to speed up.
The two-headed ogre is struck by your spines.
The two-headed ogre hits you with a +0 giant spiked club.
The two-headed ogre hits you with a +0 giant club.
The ogre mage hits you but does no damage.
You are poisoned.
The two-headed ogre hits you with a +0 giant spiked club!!
* * * LOW HITPOINT WARNING * * *
The two-headed ogre hits you with a +0 giant club!!
* * * LOW HITPOINT WARNING * * *
The ogre mage hits you from afar with a +2 spear of venom!
You die...

#########################
........)................
........))................
.........)......@.O.......
##########)......O)).)....
.........#........(.......
.........#.(((............
.........#)#############..
.........#)# .........#)#
.....))..#.# ......>..#.#


You could see a two-headed ogre and an ogre mage.

Vanquished Creatures
  Sojobo (Vaults:2)
  the Lernaean hydra (Swamp:4)
  Xtahua (Vaults:3)
  Nikola (Swamp:2)
  Arachne (Spider:4)
  A lich (Vaults:3)
  Jorgrun (D:15)
  A tentacled monstrosity (Swamp:2)
  2 tengu reavers (Vaults:2)
  The ghost of karf the Destroyer, an adept GrEE of Vehumet (Swamp:3)
  9 vault wardens
  Louise (Swamp:1)
  8 ghost moths
  5 emperor scorpions
  An orc warlord (Orc:1)
  13 ironheart preservers
  2 stone giants
  The ghost of Acosmix the Slicer, a journeyman GrFi of Okawaru (Lair:5)
  6 entropy weavers
  A minotaur (Gauntlet)
  5 spark wasps
  A death ooze (Gauntlet)
  Snorg (D:10)
  An ettin (Vaults:2)
  3 ice dragons
  Josephine (D:11)
  The ghost of semitonal the Frost Mage, a journeyman NaIE of Vehumet (D:9)
  Harold (D:11)
  6 yaktaur captains
  18 hydras
  A rakshasa (D:15)
  3 catoblepae
  2 death knights
  15 vault guards
  22 two-headed ogres
  2 shambling mangroves (Swamp:2)
  9 centaur warriors
  6 ogre magi
  8 alligators
  2 deep troll shamans
  4 death yaks (Lair:6)
  Urug (Lair:6)
  2 tengu warriors (D:14)
  The ghost of feamirim the Destroyer, a journeyman OpWz of Vehumet (D:11)
  A deep troll earth mage (Vaults:1)
  3 orc high priests (Orc:2)
  4 skeletal warriors (Vaults:1)
  5 deep elf knights
  2 unseen horrors
  An unseen horror (shapeshifter) (Vaults:2)
  A shadow wraith (Vaults:3)
  A deep troll (shapeshifter) (D:15)
  A flayed ghost (Vaults:1)
  A glowing orange brain (Vaults:3)
  9 swamp dragons
  7 ironbrand convokers
  5 spriggan druids
  3 deep elf archers
  7 deep trolls
  A lindwurm (Lair:6)
  2 wizards
  9 harpies (Vaults:2)
  A mana viper (shapeshifter) (Vaults:1)
  17 ugly things
  Pikel (D:4)
  24 orb spiders
  58 wolf spiders
  13 orc knights
  7 deep elf magi
  7 orc sorcerers
  2 manticores
  5 moths of wrath
  8 cyclopes
  3 salamanders (shapeshifter) (Vaults:1)
  18 elephants
  6 vault sentinels
  2 torpor snails
  4 black mambas
  2 gargoyles (D:14)
  3 komodo dragons
  20 spiny frogs
  Maggie (D:7)
  4 kobold demonologists
  12 rime drakes
  23 yaktaurs
  14 demonic crawlers
  A freezing wraith (Vaults:1)
  A polar bear (shapeshifter) (Vaults:2)
  A meliai (shapeshifter) (D:13)
  A queen bee (D:9)
  A troll (shapeshifter) (Vaults:2)
  5 trolls
  6 tyrant leeches
  22 jumping spiders
  Grinder (D:5)
  4 polar bears
  16 hornets
  Prince Ribbit (D:6)
  16 blink frogs
  A hornet (shapeshifter) (Vaults:2)
  A merfolk (shapeshifter) (D:15)
  24 slime creatures
  A raiju (Gauntlet)
  17 bog bodies
  17 hippogriffs
  4 dream sheep (Lair:5)
  Sigmund (D:2)
  6 shadows
  10 spriggans
  A centaur simulacrum (Gauntlet)
  86 redbacks
  5 wraiths (D:11)
  10 wyverns
  A vampire (D:13)
  27 yaks
  36 tarantellas
  A hog (shapeshifter) (Vaults:1)
  A basilisk (shapeshifter) (Vaults:2)
  7 basilisks
  A redback simulacrum (Gauntlet)
  5 hungry ghosts
  13 vampire mosquitoes
  A steam dragon (Gauntlet)
  8 humans (D:14)
  Menkaure (D:5)
  A harpy simulacrum (Gauntlet)
  A yaktaur simulacrum (Vaults:3)
  Edmund (D:4)
  16 swamp worms
  10 wargs
  5 acid dragons
  A hell hound (D:14)
  A soldier ant (D:13)
  A soldier ant (shapeshifter) (Vaults:1)
  14 water moccasins
  9 porcupines
  12 swamp drakes
  An ice beast (D:13)
  2 eyes of draining
  A slave (D:4)
  53 orc warriors
  6 black bears
  An ettin simulacrum (Vaults:3)
  3 sky beasts
  20 ogres
  2 phantoms
  15 boggarts
  A necrophage (D:10)
  13 wolves
  18 centaurs
  18 big kobolds
  7 crocodiles
  14 bullfrogs
  A gnoll sergeant (D:12)
  21 killer bees
  3 scorpions
  6 howler monkeys
  3 electric eels
  2 centaur zombies
  A lava snake (D:11)
  4 crimson imps
  A bullfrog zombie (D:11)
  5 centaur skeletons
  5 hounds
  3 jellies
  4 bullfrog skeletons
  14 orc priests
  2 iguanas
  20 orc wizards
  11 worker ants
  Ijyb (D:5)
  4 hound zombies
  A worker ant zombie (D:6)
  A howler monkey skeleton (D:6)
  5 gnolls (D:12)
  7 adders
  5 shadow imps
  2 oozes
  An adder zombie (D:8)
  An adder skeleton (D:9)
  2 worms
  6 leopard geckos
  84 orcs
  A ball python (D:1)
  A giant cockroach (D:4)
  6 hobgoblins
  2 jackals (D:8)
  4 quokkas
  2 bats
  3 frilled lizards
  7 goblins (D:1)
  32 kobolds
  2 quokka skeletons
  8 rats
  A fungus (Lair:6)
  5 plants
1401 creatures vanquished.

Vanquished Creatures (others)
  A fire giant (D:15)
  A spark wasp (Spider:4)
  A yaktaur (Vaults:2)
  A redback (Spider:4)
  A phantom (D:4)
  A slave (D:5)
  A crimson imp (D:5)
  An orc wizard (D:5)
  4 orcs
  A quokka (D:4)
  351 foxfires
  10 fungi
  17 plants
  8 withered plants
399 creatures vanquished.

Grand Total: 1800 creatures vanquished

Notes
Turn   | Place    | Note
-------+----------+-------------------------------------------
     0 | D:1      | DerDa the Demonspawn Fire Elementalist began the quest for
                  | the Orb.
     0 | D:1      | Reached XP level 1. HP: 13/13 MP: 3/3
   200 | D:1      | Gained mutation: You regenerate a little health from kills.
                  | [demonic ancestry]
   200 | D:1      | Reached XP level 2. HP: 8/19 MP: 1/5
   842 | D:2      | Reached XP level 3. HP: 23/24 MP: 2/6
  1007 | D:2      | Found a hide-covered altar of Uskayaw.
  1133 | D:2      | Noticed Sigmund
  1547 | D:3      | Found a hazy altar of Hepliaklqana.
  1846 | D:4      | Found a sacrificial altar of Ru.
  1867 | D:4      | Noticed a scorpion
  1885 | D:4      | Killed a scorpion
  1885 | D:4      | Gained mutation: You are partially covered in slimy green
                  | scales. (AC +2) [demonic ancestry]
  1885 | D:4      | Reached XP level 4. HP: 18/30 MP: 1/8
  2159 | D:4      | Found a radiant altar of Vehumet.
  2290 | D:4      | Learned a level 4 spell: Sticky Flame
  2371 | D:4      | Noticed a phantom
  2455 | D:4      | Killed a phantom
  2455 | D:4      | Gained mutation: You are partially covered in sharp spines.
                  | [demonic ancestry]
  2455 | D:4      | Reached XP level 5. HP: 22/35 MP: 6/9
  2863 | D:5      | Entered Level 5 of the Dungeon
  2870 | D:5      | Noticed Pikel
  2870 | D:5      | Noticed a slave
  2889 | D:4      | Killed a slave
  3003 | D:5      | Noticed a slave
  3021 | D:4      | Killed Pikel
  3021 | D:4      | Gained mutation: You have a pair of small antennae on your
                  | head. [demonic ancestry]
  3021 | D:4      | Reached XP level 6. HP: 33/41 MP: 6/12
  3021 | D:4      | Gained mutation: You are mostly covered in slimy green
                  | scales. (AC +3) [demonic ancestry]
  3021 | D:4      | Reached XP level 7. HP: 37/46 MP: 6/13
  3108 | D:2      | Killed Sigmund
  3108 | D:2      | Reached skill level 5 in Fire Magic
  3134 | D:2      | Learned a level 5 spell: Fireball
  3311 | D:5      | Noticed Edmund
  3422 | D:4      | Killed Edmund
  3422 | D:4      | Reached skill level 5 in Spellcasting
  3422 | D:4      | Reached skill level 5 in Conjurations
  3693 | D:5      | Noticed Menkaure
  3700 | D:5      | Killed Menkaure
  3700 | D:5      | Reached XP level 8. HP: 52/52 MP: 6/15
  3713 | D:5      | Noticed Grinder
  3960 | D:5      | Noticed Ijyb
  3967 | D:5      | Killed Ijyb
  4008 | D:5      | Killed Grinder
  4031 | D:5      | Found a bloodstained altar of Trog.
  4355 | D:6      | Found a white marble altar of Elyvilon.
  4464 | D:6      | Found a transporter.
  4465 | D:6      | Noticed a red ugly thing
  4477 | D:6      | Found a transporter.
  4486 | D:6      | Found an ornate altar of the Wu Jian Council.
  4580 | D:6      | Found an ancient bone altar of Kikubaaqudgha.
  4702 | D:6      | Noticed Prince Ribbit
  4716 | D:6      | Killed Prince Ribbit
  5137 | D:7      | Noticed a hippogriff
  5150 | D:7      | Killed a hippogriff
  5150 | D:7      | Gained mutation: You regenerate health from kills. [demonic
                  | ancestry]
  5150 | D:7      | Reached XP level 9. HP: 45/57 MP: 10/18
  5241 | D:7      | Noticed Maggie
  5274 | D:7      | Killed Maggie
  5573 | D:7      | Found a staircase to the Ecumenical Temple.
  5582 | Temple   | Entered the Ecumenical Temple
  5777 | Temple   | Became a worshipper of Sif Muna the Loreminder
  6103 | D:8      | Noticed a manticore
  6116 | D:8      | Noticed a two-headed ogre
  6116 | D:8      | Noticed a two-headed ogre
  6132 | D:8      | Reached skill level 1 in Invocations
  6182 | D:8      | Reached skill level 1 in Fighting
  6182 | D:8      | Reached skill level 1 in Evocations
  6438 | D:8      | Found a shadowy altar of Dithmenos.
  6458 | D:8      | Killed a two-headed ogre
  6466 | D:8      | Gained mutation: You are mostly covered in sharp spines.
                  | [demonic ancestry]
  6466 | D:8      | Reached XP level 10. HP: 67/67 MP: 8/21
  6467 | D:8      | Reached * piety under Sif Muna
  6881 | D:8      | Killed a two-headed ogre
  6993 | D:8      | Killed a manticore
  7104 | D:8      | Noticed an unseen horror
  7109 | D:8      | Killed an unseen horror
  7122 | D:8      | Got a wavering bronze ring
  7128 | D:8      | Identified the ring of the Mantidfly {Int-3 Slay+3 SInv
                  | Stlth-} (You found it on level 8 of the Dungeon)
  7284 | D:8      | Found a stormy altar of Qazlal.
  7433 | D:9      | Found a runed translucent door.
  7438 | D:9      | Noticed semitonal's ghost (journeyman NaIE)
  7438 | D:9      | Identified the cursed +2 spear "Moduu" {venom, Fragile +Fly
                  | rF- SInv}
  7485 | D:9      | Gained mutation: You have a pair of antennae on your head.
                  | [demonic ancestry]
  7485 | D:9      | Reached XP level 11. HP: 75/75 MP: 11/23
  7636 | D:9      | Reached ** piety under Sif Muna
  8138 | D:9      | Reached skill level 5 in Invocations
  8216 | D:9      | Found Vuirphur's Armour Shop.
  8224 | D:9      | Bought a +1 buckler of reflection for 148 gold pieces
  8318 | D:9      | Found an opulent altar of Gozag.
  8320 | D:9      | Found an iron altar of Okawaru.
  8615 | D:9      | Found a staircase to the Lair.
  8794 | D:10     | Entered Level 10 of the Dungeon
  8859 | D:10     | Reached skill level 1 in Shields
  8898 | D:10     | Reached *** piety under Sif Muna
  9160 | D:10     | Found Fesoq's Mass Market.
  9412 | D:10     | Noticed Snorg
  9433 | D:10     | Killed Snorg
  9944 | D:11     | Noticed Josephine
 10098 | D:11     | Found an opulent altar of Gozag.
 10127 | D:11     | Noticed a five-headed hydra
 10131 | D:11     | Killed a five-headed hydra
 10131 | D:11     | Reached **** piety under Sif Muna
 10131 | D:11     | Gained mutation: You have a pair of large antennae on your
                  | head. (SInv) [demonic ancestry]
 10131 | D:11     | Reached XP level 12. HP: 84/84 MP: 15/25
 10227 | D:11     | Noticed Harold
 10231 | D:11     | Reached skill level 10 in Conjurations
 10232 | D:11     | Killed Harold
 10683 | D:11     | Found a runed translucent gate.
 10685 | D:11     | Found a runed translucent gate.
 10686 | D:11     | Found a runed translucent gate.
 10686 | D:11     | Noticed feamirim's ghost (journeyman OpWz)
 11050 | D:11     | Killed Josephine
 11315 | Lair:1   | Entered Level 1 of the Lair of Beasts
 11317 | Lair:1   | Noticed a five-headed hydra
 11322 | Lair:1   | Killed a five-headed hydra
 11445 | Lair:1   | Reached skill level 5 in Dodging
 11605 | Lair:1   | Reached skill level 5 in Fighting
 11896 | Lair:1   | Reached skill level 5 in Evocations
 11968 | Lair:1   | Reached skill level 10 in Fire Magic
 13349 | Lair:3   | Reached skill level 10 in Spellcasting
 13875 | Lair:3   | Reached ***** piety under Sif Muna
 14084 | Lair:3   | Found a hole to the Spider Nest.
 14290 | Lair:3   | Reached XP level 13. HP: 83/92 MP: 5/27
 14308 | Lair:3   | Identified Pengim's Incunabulum of the Arsonist (Sif Muna
                  | gifted it to you on level 3 of the Lair of Beasts)
 14308 | Lair:3   | Received a gift from Sif Muna
 14309 | Lair:3   | Found a staircase to the Swamp.
 14365 | Lair:3   | Learned a level 6 spell: Starburst
 14556 | Lair:4   | Found the +3 robe of Clouds {+Thunder rCloud rElec}
 15606 | Lair:5   | Found a transporter.
 15624 | Lair:5   | Identified the cursed +1 trident "Murmur" {distort, rElec
                  | Int+4 Dex+4}
 15626 | Lair:5   | Noticed Acosmix's ghost (journeyman GrFi)
 16010 | Lair:5   | Found a transporter.
 16013 | Lair:5   | Found a bloodstained altar of Trog.
 16161 | Lair:6   | Entered Level 6 of the Lair of Beasts
 16329 | Lair:6   | Found a gate leading to a gauntlet.
 16334 | Lair:6   | Identified Sif Muna's Compendium of Weightlessness and
                  | Confrontation (Sif Muna gifted it to you on level 6 of the
                  | Lair of Beasts)
 16334 | Lair:6   | Received a gift from Sif Muna
 16371 | Gauntlet | Entered a Gauntlet
 16371 | Gauntlet | Found a transporter.
 16371 | Gauntlet | Found a transporter.
 16371 | Gauntlet | Found a transporter.
 16375 | Gauntlet | Found a transporter.
 16375 | Gauntlet | Found a transporter.
 16375 | Gauntlet | Found a transporter.
 16386 | Gauntlet | Found a transporter.
 16390 | Gauntlet | Found a transporter.
 16392 | Gauntlet | Found a large runed translucent door.
 16393 | Gauntlet | Found a large runed translucent door.
 16394 | Gauntlet | Found a large runed translucent door.
 16394 | Gauntlet | Found a large runed translucent door.
 16394 | Gauntlet | Found a runed translucent door.
 16394 | Gauntlet | Found a runed translucent door.
 16395 | Gauntlet | Found a large runed translucent door.
 16395 | Gauntlet | Found a large runed translucent door.
 16395 | Gauntlet | Found a large runed translucent door.
 16395 | Gauntlet | Found a large runed translucent door.
 16396 | Gauntlet | Found a large runed translucent door.
 16396 | Gauntlet | Found a large runed translucent door.
 16397 | Gauntlet | Found a large runed translucent door.
 16397 | Gauntlet | Found a large runed translucent door.
 16398 | Gauntlet | Found a runed translucent gate.
 16398 | Gauntlet | Found a runed translucent gate.
 16398 | Gauntlet | Found a runed translucent gate.
 16400 | Gauntlet | Found a transporter.
 16411 | Gauntlet | Found a large runed translucent door.
 16412 | Gauntlet | Found a large runed translucent door.
 16421 | Gauntlet | Found a large runed translucent door.
 16421 | Gauntlet | Found a large runed translucent door.
 16500 | Gauntlet | Noticed a death ooze
 16501 | Gauntlet | Found a transporter.
 16505 | Gauntlet | Found a transporter.
 16515 | Gauntlet | Found a transporter.
 16725 | Gauntlet | Killed a death ooze
 17067 | Gauntlet | Got a pair of twisted gloves
 17077 | Gauntlet | Identified the +0 pair of gloves of Teeqatoj {rF++} (You
                  | found it in a Gauntlet)
 17223 | Gauntlet | Identified the +8 spear of Iconoclasm {freeze, +Fly rN+
                  | MR-}
 17223 | Gauntlet | Identified the amulet "Joowat" {Reflect rPois MR+++ Str-5
                  | SH+4 Stlth-}
 17223 | Gauntlet | Noticed a minotaur
 17228 | Gauntlet | Killed a minotaur
 17237 | Gauntlet | Got a twisted hand axe
 17309 | Lair:6   | Identified the +5 hand axe "Vurgh" {vorpal, +Rage} (You
                  | found it in a Gauntlet)
 17855 | Lair:6   | Gained mutation: You are completely covered in slimy green
                  | scales. (AC +4, rPois) [demonic ancestry]
 17855 | Lair:6   | Reached XP level 14. HP: 89/101 MP: 11/29
 17966 | Lair:6   | Noticed Urug
 17990 | Lair:6   | Killed Urug
 18373 | Lair:6   | Got a smoking flail
 18384 | Lair:6   | Identified the +7 flail "Jurphor" {speed, rN+ Str+2 Int-4
                  | Stlth+} (You found it on level 6 of the Lair of Beasts)
 18861 | Lair:6   | Found a staircase to the Slime Pits.
 18885 | Lair:6   | Learned a level 5 spell: Bolt of Magma
 19188 | D:6      | Identified Sif Muna's Catalogue of Conjuration (Sif Muna
                  | gifted it to you on level 6 of the Dungeon)
 19188 | D:6      | Received a gift from Sif Muna
 19349 | D:9      | Killed semitonal's ghost
 19505 | D:11     | Killed feamirim's ghost
 19511 | D:11     | Paralysed by a big kobold for 4 turns
 19773 | D:11     | Learned a level 5 spell: Irradiate
 19779 | D:11     | Learned a level 5 spell: Iskenderun's Battlesphere
 20300 | D:12     | Reached skill level 1 in Earth Magic
 20405 | D:12     | Found a staircase to the Orcish Mines.
 20526 | D:13     | Identified Fohudd's Volume of Shifting Cold (Sif Muna
                  | gifted it to you on level 13 of the Dungeon)
 20526 | D:13     | Received a gift from Sif Muna
 21144 | D:13     | Reached skill level 1 in Charms
 21319 | D:13     | Reached skill level 1 in Transmutations
 21586 | D:14     | Received a gift from Sif Muna
 21611 | D:14     | Reached XP level 15. HP: 67/108 MP: 6/30
 21649 | D:14     | Found a gate to the Vaults.
 21710 | D:14     | Found a flagged portal.
 21760 | Bailey   | Entered a bailey
 22218 | D:14     | Found Geenwaip's Distillery.
 22222 | D:14     | Bought a potion of heal wounds for 75 gold pieces
 22222 | D:14     | Bought a potion of ambrosia for 120 gold pieces
 22222 | D:14     | Bought a potion of brilliance for 60 gold pieces
 22307 | D:14     | Found an ornate altar of the Wu Jian Council.
 23096 | D:13     | Learned a level 5 spell: Aura of Abjuration
 23149 | D:15     | Entered Level 15 of the Dungeon
 23155 | D:15     | Identified Roxanne's Handbook of Clay
 23155 | D:15     | Noticed Roxanne
 23160 | D:15     | Received a gift from Sif Muna
 23348 | D:15     | Identified a scroll of acquirement
 23541 | D:15     | Reached skill level 1 in Summonings
 23550 | D:15     | Reached skill level 10 in Invocations
 23823 | D:15     | Found a staircase to the Depths.
 23823 | D:15     | Noticed a fire giant
 23839 | D:15     | Killed a fire giant
 23840 | D:15     | Noticed Jorgrun
 24013 | D:15     | Killed Jorgrun
 24604 | Orc:1    | Entered Level 1 of the Orcish Mines
 24713 | Orc:1    | Found Xiquy's Distillery.
 24734 | Orc:1    | Bought a potion of degeneration for 18 gold pieces
 24734 | Orc:1    | Bought a potion of curing for 54 gold pieces
 24734 | Orc:1    | Bought a potion of curing for 54 gold pieces
 24734 | Orc:1    | Bought a potion of mutation for 144 gold pieces
 24742 | Orc:1    | You fall into a shaft and drop 1 floor!
 24742 | Orc:2    | Entered Level 2 of the Orcish Mines
 25055 | Orc:1    | Noticed an orc warlord
 25229 | Orc:1    | Killed an orc warlord
 25498 | Orc:1    | Identified Sif Muna's Handbook of Nocuous Calling (Sif Muna
                  | gifted it to you on level 1 of the Orcish Mines)
 25498 | Orc:1    | Received a gift from Sif Muna
 25845 | Orc:2    | Found a staircase to the Elven Halls.
 25956 | Orc:2    | Found a roughly hewn altar of Beogh.
 26359 | Orc:2    | Paralysed by an orc sorcerer for 4 turns
 26490 | Orc:2    | Found Kiboit's Gadget Emporium.
 26590 | Orc:2    | Found Nann's Magic Scroll Boutique.
 26596 | Orc:2    | Bought a scroll of teleportation for 45 gold pieces
 26596 | Orc:2    | Bought a scroll of teleportation for 45 gold pieces
 26596 | Orc:2    | Bought a scroll of identify for 30 gold pieces
 26597 | Orc:2    | Found Yschem's Book Boutique.
 26599 | Orc:2    | Found Tikupn's Antique Armour Emporium.
 26807 | Orc:2    | Bought a phial of floods for 480 gold pieces
 27359 | Lair:5   | Killed Acosmix's ghost
 27359 | Lair:5   | Gained mutation: Your flesh is cold resistant. (rC+)
                  | [demonic ancestry]
 27359 | Lair:5   | Reached XP level 16. HP: 104/117 MP: 11/32
 27381 | Lair:5   | Got a heavily jewelled robe
 27391 | Lair:5   | Identified the cursed +1 robe of the Guardian {MR- MP+9
                  | Str+6} (You found it on level 5 of the Lair of Beasts)
 27473 | Swamp:1  | Entered Level 1 of the Swamp
 27997 | Swamp:1  | Noticed Louise
 28003 | Swamp:1  | Killed Louise
 28417 | Swamp:1  | Identified Sif Muna's Handbook of Cold and Transmigration
                  | (Sif Muna gifted it to you on level 1 of the Swamp)
 28417 | Swamp:1  | Received a gift from Sif Muna
 28520 | Swamp:2  | Noticed a tentacled monstrosity
 28531 | Swamp:2  | Killed a tentacled monstrosity
 28874 | Swamp:2  | Found a transporter.
 28904 | Swamp:2  | Noticed Nikola
 29016 | Swamp:2  | Killed Nikola
 29193 | Swamp:2  | Found a transporter.
 30093 | Swamp:3  | Found a runed translucent door.
 30093 | Swamp:3  | Noticed karf's ghost (adept GrEE)
 30508 | Swamp:4  | Entered Level 4 of the Swamp
 31029 | Swamp:4  | Identified Sif Muna's Grimoire of Harmful Feathers (Sif
                  | Muna gifted it to you on level 4 of the Swamp)
 31029 | Swamp:4  | Received a gift from Sif Muna
 31433 | Swamp:4  | Noticed the 27-headed Lernaean hydra
 31727 | Swamp:4  | Identified the ring "Oxzapsuca" {Str+2 Stlth+} (You
                  | acquired it on level 4 of the Swamp)
 32053 | Swamp:4  | Killed the 27-headed Lernaean hydra
 32053 | Swamp:4  | Reached skill level 10 in Dodging
 32069 | Swamp:4  | Got a decaying rune of Zot
 32257 | Swamp:4  | Reached XP level 17. HP: 124/124 MP: 10/33
 32653 | Swamp:3  | Killed karf's ghost
 32885 | Swamp:2  | Got a vibrating platinum ring
 32893 | Swamp:2  | Identified the ring of Jimeh {rPois rC- Str+4 Int+8 Slay-3}
                  | (You found it on level 2 of the Swamp)
 32997 | Spider:1 | Entered Level 1 of the Spider Nest
 33137 | Spider:1 | Reached skill level 5 in Earth Magic
 33304 | Lair:3   | HP: 6/124 [poisoned by an emperor scorpion]
 33309 | Lair:3   | HP: 4/124 [poisoned by an emperor scorpion]
 33314 | Lair:3   | HP: 2/124 [poisoned by an emperor scorpion]
 33319 | Lair:3   | HP: 2/124 [poisoned by an emperor scorpion]
 33326 | Lair:3   | HP: 2/124 [poisoned by an emperor scorpion]
 33334 | Lair:3   | HP: 2/124 [poisoned by an emperor scorpion]
 34252 | Spider:1 | Identified Malusmis's Papyrus of Battle Magic (Sif Muna
                  | gifted it to you on level 1 of the Spider Nest)
 34252 | Spider:1 | Received a gift from Sif Muna
 34625 | Spider:1 | Reached skill level 5 in Transmutations
 35006 | Spider:2 | You fall into a shaft and drop 1 floor!
 35015 | Spider:3 | Reached skill level 5 in Charms
 36164 | Spider:3 | Identified Sif Muna's Reference Book on Transmutation (Sif
                  | Muna gifted it to you on level 3 of the Spider Nest)
 36164 | Spider:3 | Received a gift from Sif Muna
 37140 | Spider:4 | Entered Level 4 of the Spider Nest
 37225 | Spider:4 | Reached XP level 18. HP: 115/132 MP: 7/35
 37519 | Spider:4 | Reached skill level 5 in Summonings
 37875 | Spider:4 | Received a gift from Sif Muna
 39017 | Spider:4 | Identified the Almanac of Transformation and Combat Magic
 39066 | Spider:4 | Got a gossamer rune of Zot
 39127 | Spider:4 | Noticed Arachne
 40066 | Spider:4 | Killed Arachne
 40531 | Spider:4 | Upgraded the game from 0.25-a0-719-gde951dce62 to
                  | 0.25-a0-729-g14964f1db5
 40837 | Vaults:1 | Entered Level 1 of the Vaults
 40927 | Vaults:1 | Got a translucent short sword
 40927 | Vaults:1 | Identified the cursed +0 short sword "Goblinslayer" {elec,
                  | rC+ MR+ Str+6 Dex-4} (You found it on level 1 of the
                  | Vaults)
 40966 | Vaults:1 | Found Etoig's Antique Weapon Emporium.
 40973 | Vaults:1 | Found Zasum's Book Boutique.
 41003 | Vaults:1 | Bought the +6 Majin-Bo {vamp, Archmagi MP+6 Int+6} for 2077
                  | gold pieces
 41003 | Vaults:1 | Found the +6 Majin-Bo {vamp, Archmagi MP+6 Int+6}
 41003 | Vaults:1 | Bought a steaming flail for 238 gold pieces
 41010 | Vaults:1 | Identified the cursed +0 flail of Keahol {venom, Dex+3}
                  | (You bought it in a shop on level 1 of the Vaults)
 41729 | Vaults:1 | Found an ancient bone altar of Kikubaaqudgha.
 41732 | Vaults:1 | Found Mede's General Store.
 41740 | Vaults:1 | Bought a cursed -2 ring of evasion for 26 gold pieces
 41740 | Vaults:1 | Bought a scroll of teleportation for 39 gold pieces
 41981 | Vaults:1 | Received a gift from Sif Muna
 41981 | Vaults:1 | Gained mutation: You regenerate a lot of health from kills.
                  | [demonic ancestry]
 41981 | Vaults:1 | Reached XP level 19. HP: 140/140 MP: 3/37
 42038 | Vaults:1 | Reached skill level 15 in Conjurations
 42220 | Vaults:1 | Reached skill level 10 in Fighting
 43157 | Vaults:1 | Found Vazinn's Distillery.
 43160 | Vaults:1 | Bought a potion of curing for 48 gold pieces
 43160 | Vaults:1 | Bought a potion of curing for 48 gold pieces
 43160 | Vaults:1 | Bought a potion of heal wounds for 80 gold pieces
 43160 | Vaults:1 | Bought a potion of haste for 160 gold pieces
 43160 | Vaults:1 | Bought a potion of curing for 48 gold pieces
 43198 | Vaults:1 | Reached skill level 10 in Evocations
 43673 | Vaults:2 | Noticed Sojobo
 43684 | Vaults:2 | Killed Sojobo
 43907 | Vaults:2 | Received a gift from Sif Muna
 44343 | Vaults:2 | Found Anez's Book Boutique.
 45115 | Vaults:2 | Found Kufra Imea's Jewellery Shop.
 45135 | Vaults:2 | Reached XP level 20. HP: 98/148 MP: 3/38
 45579 | Vaults:2 | Identified Sif Muna's Reference Book on Aerial Attacks (Sif
                  | Muna gifted it to you on level 2 of the Vaults)
 45579 | Vaults:2 | Received a gift from Sif Muna
 46343 | Vaults:3 | Noticed Xtahua
 46355 | Vaults:3 | Killed Xtahua
 46667 | Vaults:3 | Reached skill level 15 in Fire Magic
 46845 | Vaults:3 | Found a staircase to the Crypt.
 46898 | Vaults:3 | You fall into a shaft and drop 1 floor!
 47423 | Vaults:4 | Paralysed by an ogre mage for 6 turns
 47426 | Vaults:4 | HP: 6/149 [two-headed ogre/+0 giant spiked club (20)]
 47426 | Vaults:4 | Slain by an ogre mage

Levels and vault maps discovered:
D:1:      dpeg_arrival_rooms_c, layout_loops_ring, kennysheep_doodads
D:2:      minmay_evil_eye, layout_basic, makhleb_heckhound_becter,
          eat_drink_and_be_merry_uskayaw, uniq_sigmund
D:3:      layout_rooms, lemuel_round_altar
D:4:      layout_loops_ring, nicolae_ru_the_path_less_chosen,
          fiery_altar_vehumet
D:5:      layout_loops_ring, nicolae_overflow_crystal_walls, first_ration,
          minmay_circle_x, uniq_pikel, uniq_ijyb, uniq_menkaure, uniq_grinder,
          uniq_edmund
D:6:      layout_rooms, kiku_gazebo_pond_becter,
          gammafunk_temple_overflow_arena, elyvilon_altar_5,
          roderic_roman_lattice, minivault_5, uniq_prince_ribbit1
D:7:      layout_basic, minmay_temple_entry_arrows, interstate_on_off,
          grunt_ogre_cave, uniq_maggie
D:8:      layout_rooms, lemuel_crystal_altar, old_standard_altar, special_room
          [special_room_kobold], minmay_diamond_spiral
D:9:      layout_small_grid, nicolae_overflow_hidden_temple, erik_lair_dragon,
          serial_shops, nicolae_shop_crystal, ebering_ghost_funeral_grove,
          nicolae_looking_at_the_future
D:10:     layout_loops_ring, minmay_shop_mass, chequers_hall_statues_y,
          minmay_misc_feat_enclosed, uniq_snorg
D:11:     lemuel_flame_loot_2, layout_loops_ring, basic_altar,
          gammafunk_ghost_nasty_kobolds, uniq_harold, uniq_josephine
D:12:     layout_loops_ring, orc_0_dummy
D:13:     layout_rooms
D:14:     layout_rooms, ximxim_vaults_locker_room, special_room
          [special_room_mythical_zoo], enter_bailey_6, kennysheep_flooded_box,
          serial_shops, shop, drop_trap, david_greed
D:15:     grunt_enter_depths_giant_problem, layout_basic,
          minmay_misc_feat_pillars, uniq_jorgrun, uniq_roxanne
Temple:   compressed_dpeg_triangle_lava_temple
Lair:1:   layout_chaotic_city
Lair:2:   layout_hall_layers, cheibrodos_lair_lostbears, grunt_megastairs_5
Lair:3:   layout_concentric_octagons, nicolae_swamp_entry_splash_gauntlet,
          spider_nest_entry_funnel_web, lemuel_fruit_fields
Lair:4:   layout_regular_city, infiniplex_staircase_pool, grunt_megastairs_4
Lair:5:   layout_big_grid, gammafunk_ghost_wrathful_warriors
Lair:6:   grunt_lair_end_beastmaster, layout_regular_city,
          dpeg_slime_entry_corner, gauntlet_entry_generic, uniq_urug
Swamp:1:  layout_basic_swamp, evilmike_swamp_ruin_rubble_1, uniq_louise
Swamp:2:  gammafunk_the_bubble [the_bubble_gammafunk_plus_minus],
          layout_basic_swamp, serial_swamp_ruin, evilmike_swamp_ruin_house_3,
          hangedman_swamp_ruin_hall, uniq_nikola
Swamp:3:  layout_basic_swamp, gammafunk_ghost_grave,
          evilmike_swamp_ruin_rubble_2, swamp_pool1
Swamp:4:  grunt_swamp_rune_castle, layout_basic_swamp, swamp_pool3,
          nicolae_swamp_fairy_circle
Spider:1: layout_spider_delve, drop_trap
Spider:2: cheibrodos_spider_silkery
Spider:3: layout_spider_delve
Spider:4: johnstein_spider_rune_arachne_lair, drop_trap, nicolae_arachne_temple
Orc:1:    cheibrodos_orc_arena, layout_caves, serial_shops, shop, mines2_lemuel
Orc:2:    st_orc_elflike, layout_caves, basic_altar
Vaults:1: hangedman_vaults_river_flow, v_misc_3, vaults_room_pools,
          v_alt_pattern_3, vaults_room_grunt_arrival_ludios,
          vaults_room_octagon, hangedman_vaults_unwind, v_misc_9,
          vaults_mumra_minichess_inversion, ontoclasm_vaults_misaligned,
          nicolae_vaults_meeting, v_misc_17, ontoclasm_vaults_loading_screen,
          layout_vaults_maze, serial_shops, shop, shop, shop,
          nicolae_shop_behind_doors, basic_altar
Vaults:2: nicolae_vaults_ninety_degrees, nicolae_vaults_what_the_h,
          hangedman_vaults_nails, nicolae_vaults_network_barrier, v_misc_22,
          v_misc_14, v_misc_8, v_pattern_2, v_misc_11, nicolae_vaults_asterisk,
          vaults_dpeg_diagonal, vaults_dpeg_ring, layout_vaults_big_cross,
          serial_shops, shop, shop, uniq_sojobo
Vaults:3: minmay_crypt_entry_nasty_monster, vaults_room_pools,
          vaults_standard_mumra_x, nicolae_vaults_windows_and_doors_thing,
          grunt_vaults_twisty, kb_rosetta, nicolae_vaults_mini_display_case,
          nicolae_vaults_yaktaur_gun_rack, layout_vaults_omnigrid, uniq_jory,
          uniq_xtahua
Vaults:4: hangedman_vaults_impose, vaults_room_semicircle,
          nicolae_vaults_network_periphery, v_alt_pattern_6, v_misc_16,
          vaults_room_fours, ontoclasm_vaults_eye, layout_vaults_chaotic_city,
          basic_altar, serial_shops, shop

Skill      XL: |  1  2  3  4  5  6  7  8  9 10 11 12 13 14 15 16 17 18 19 20 |
---------------+-------------------------------------------------------------+-----
Fire Magic     | 3 4 5 6 7 8 9 10 11 12 13 14 15 | 15.1
Conjurations   | 2 3 4 5 6 8 9 10 11 12 13 14 15 | 15.9
Spellcasting   | 3 4 5 6 7 8 9 10 11 12 13 14 | 14.8
Dodging        | 2 3 4 5 6 7 8 10 11 13 14 | 14.0
Invocations    | 2 4 5 7 8 9 10 11 12 13 | 13.5
Fighting       | 1 3 4 5 6 7 8 9 10 | 10.8
Evocations     | 1 3 4 5 6 7 8 9 10 | 10.6
Shields        | 2 4 |  4.0
Earth Magic    | 2 3 4 5 6 7 |  7.8
Charms         | 1 3 4 5 |  5.0
Transmutations | 2 3 4 5 |  5.0
Summonings     | 2 3 4 5 6 |  6.0
Stealth        | |  1.7

Action                   |  1- 3 |  4- 6 |  7- 9 | 10-12 | 13-15 | 16-18 | 19-21 || total
-------------------------+-------+-------+-------+-------+-------+-------+-------++-------
Melee: Unarmed           |     5 |       |       |       |       |       |       ||     5
       Club              |    21 |     1 |       |       |       |       |       ||    22
       Whip              |       |       |    84 |    10 |       |       |       ||    94
       Falchion          |       |       |       |    95 |    65 |       |       ||   160
       Spear             |       |       |       |       |   293 |   160 |   104 ||   557
Throw: Dart              |       |       |       |     2 |       |       |       ||     2
 Cast: Foxfire           |    65 |    27 |    32 |    54 |    58 |     7 |       ||   243
       Sticky Flame      |       |     2 |    33 |    81 |   136 |    87 |    39 ||   378
       Fireball          |       |       |     5 |   121 |   255 |   329 |   154 ||   864
       Starburst         |       |       |       |       |    12 |    60 |    14 ||    86
       Bolt of Magma     |       |       |       |       |    59 |   158 |   113 ||   330
       Iskenderun's Batt |       |       |       |       |     5 |    34 |    10 ||    49
       Irradiate         |       |       |       |       |     1 |     4 |       ||     5
       Aura of Abjuratio |       |       |       |       |       |     1 |       ||     1
Invok: Channel Magic     |       |       |       |     2 |    14 |    35 |    10 ||    61
 Abil: Evoke Flight      |       |       |       |       |     4 |       |       ||     4
       Evoke Thunderclou |       |       |       |       |       |     1 |       ||     1
Evoke: Wand              |       |       |     1 |     3 |     2 |     3 |       ||     9
       Phial of floods   |       |       |       |       |       |     2 |       ||     2
       Box of beasts     |       |       |       |       |       |     1 |       ||     1
       Lightning rod     |       |       |       |       |       |     3 |       ||     3
  Use: Scroll            |       |     7 |     4 |    11 |    14 |    12 |     1 ||    49
       Potion            |       |       |       |       |     2 |     6 |       ||     8
 Stab: Distracted        |       |       |       |       |     1 |       |       ||     1
       Sleeping          |       |       |       |       |     1 |       |       ||     1
  Eat: Chunk             |     3 |     4 |    17 |    48 |    86 |    47 |    21 ||   226
       Ration            |       |       |       |     4 |     5 |    14 |       ||    23
Armor: Robe              |     4 |       |    53 |     7 |    70 |   126 |    25 ||   285
       Leather armour    |       |       |       |    47 |    22 |       |       ||    69
Dodge: Dodged            |    28 |     3 |    70 |   122 |   300 |   518 |   147 ||  1188
Block: Buckler           |       |       |       |     6 |   197 |   219 |    88 ||   510
       Reflection        |       |       |       |       |    28 |     5 |     8 ||    41
       Rpst.: Falchion   |       |       |       |    27 |    17 |       |       ||    44

Table legend:
 A = Non-vault XP
 B = Vault XP
 C = Vault XP percentage of total XP
 D = Non-vault monster count
 E = Vault monster count
 F = Vault count percentage of total count
                 A         B        C        D         E       F
            +---------+---------+-------+---------+---------+-------
      Total |  284765 |  237971 |  45.5 |     913 |     486 |  34.7
            +---------+---------+-------+---------+---------+-------
        D:1 |      42 |       0 |   0.0 |      21 |       0 |   0.0
        D:2 |      16 |     235 |  93.6 |       8 |       3 |  27.3
        D:3 |      19 |       0 |   0.0 |       6 |       0 |   0.0
        D:4 |     198 |     752 |  79.2 |      10 |       2 |  16.7
        D:5 |     244 |     532 |  68.6 |       5 |       4 |  44.4
        D:6 |     304 |    1115 |  78.6 |      15 |       6 |  28.6
        D:7 |     763 |     497 |  39.4 |      10 |       2 |  16.7
        D:8 |    2461 |    3566 |  59.2 |      34 |      15 |  30.6
        D:9 |    3926 |    3632 |  48.1 |      33 |      21 |  38.9
       D:10 |    3327 |    1123 |  25.2 |      27 |       1 |   3.6
       D:11 |    2796 |    5610 |  66.7 |      32 |      17 |  34.7
       D:12 |    2923 |       0 |   0.0 |      30 |       0 |   0.0
       D:13 |    3662 |       0 |   0.0 |      36 |       0 |   0.0
       D:14 |   13750 |   13414 |  49.4 |      32 |      38 |  54.3
       D:15 |   13613 |    5112 |  27.3 |      27 |       2 |   6.9
     Lair:1 |    4579 |       0 |   0.0 |      15 |       0 |   0.0
     Lair:2 |    1625 |    1437 |  46.9 |       7 |       5 |  41.7
     Lair:3 |    7612 |    2011 |  20.9 |      17 |       8 |  32.0
     Lair:4 |    5081 |     153 |   2.9 |      18 |       1 |   5.3
     Lair:5 |    8596 |    3168 |  26.9 |      35 |       5 |  12.5
     Lair:6 |    9358 |    9741 |  51.0 |      35 |      20 |  36.4
    Swamp:1 |    8240 |    1743 |  17.5 |      20 |       1 |   4.8
    Swamp:2 |   15577 |   10090 |  39.3 |      34 |      14 |  29.2
    Swamp:3 |    4783 |    2092 |  30.4 |      15 |       2 |  11.8
    Swamp:4 |    7302 |   21480 |  74.6 |      17 |      32 |  65.3
   Spider:1 |   13518 |     573 |   4.1 |      43 |       1 |   2.3
   Spider:2 |   12942 |    6442 |  33.2 |      34 |      12 |  26.1
   Spider:3 |   23767 |       0 |   0.0 |      56 |       0 |   0.0
   Spider:4 |    6228 |   54985 |  89.8 |      14 |      99 |  87.6
      Orc:1 |    2168 |    3463 |  61.5 |      31 |      18 |  36.7
      Orc:2 |    4108 |    7737 |  65.3 |      24 |      24 |  50.0
   Vaults:1 |   36783 |   35041 |  48.8 |      65 |      52 |  44.4
   Vaults:2 |   35039 |   24937 |  41.6 |      59 |      41 |  41.0
   Vaults:3 |   19250 |   11202 |  36.8 |      31 |       6 |  16.2
   Vaults:4 |   10165 |     371 |   3.5 |      17 |       1 |   5.6
     Bailey |       0 |    2354 | 100.0 |       0 |      26 | 100.0
   Gauntlet |       0 |    3363 | 100.0 |       0 |       7 | 100.0
            +---------+---------+-------+---------+---------+-------
